AoeStats
← ArtTroy2751

Glade

510431135Analyzed
1v1 RM · 8h ago on Oct 1, 2026· 18m 18s· 2 players
Game mode
Random Map
Map size
Tiny (2 player)
Population
200
Speed
Normal
Resources
Standard
Victory
Conquest
Starting age
Dark Age
Ending age
Imperial Age
RankedLock teamsTeams togetherTeam positionsShared explorationLock speedFull tech treeHidden civsTurbo modeCheats
Victory
Defeat
🇧🇷 Japanese · Brazil
1233
+17
🇲🇽 Cumans · Mexico
1257
-17
SergioBR
9:06 Feudal Age
7:22 Loom
11:43 Double-Bit Axe
15:49 Arson
16:01 Fletching
17:07 Horse Collar
ArtTroy2751
7:34 Loom
10:30 Feudal Age
11:33 Double-Bit Axe
Connection lost

Rejoining the realm…

Still unreachable

The connection could not be restored.

Session expired

The server has moved on; the page needs a fresh start.